 Dungeon Crawl Stone Soup version 0.31-a0-466-g98c9adc2b6 (webtiles) character file.

Game seed: 18432424873867789266

3460 Anon1729 the Carver (level 9, -4/82 HPs)
             Began as a Minotaur Monk on Aug 5, 2023.
             Was a High Priest of Zin.
             Slain by Gastronok (19 damage)
             ... on level 9 of the Dungeon.
             The game lasted 00:04:59 (8577 turns).

Anon1729 the Carver (Minotaur Monk)                 Turns: 8577, Time: 00:04:59

Health: -4/82      AC: 10    Str: 18    XL:     9   Next: 78%
Magic:  19/21      EV: 16    Int:  8    God:    Zin [*****.]
Gold:   67         SH:  5    Dex: 17    Spells: 8/8 levels left

rFire   . . .        a - +0 falchion
rCold   + + .        d - orb {light}
rNeg    + . .        b - +0 robe
rPois   ∞            (helmet restricted)
rElec   .            y - +0 cloak
rCorr   .            H - +2 pair of gloves "Gohes" {rC++}
SInv    .            g - +2 pair of boots
Will    .....        L - amulet of reflection
Stlth   +            z - ring of magical power
HPRegen 0.33/turn    A - ring of positive energy
MPRegen 0.17/turn

%: reflection
@: vitalised, glowing
A: horns 2, retaliatory headbutt
a: Renounce Religion, Recite, Vitalisation, Imprison, Sanctuary, Donate Gold


You were on level 9 of the Dungeon.
You worshipped Zin.
Zin was extremely pleased with you.
You visited 1 branch of the dungeon, and saw 9 of its levels.

You collected 369 gold pieces.
You spent 266 gold pieces at shops.
You donated 36 gold pieces to Zin.

Inventory:

Hand Weapons
 a - a +0 falchion (weapon)
Missiles
 n - 6 datura-tipped darts
 G - a throwing net
Armour
 b - a +0 robe (worn)
 d - an orb of light (worn)
 g - a +2 pair of boots (worn)
 y - a +0 cloak (worn)
 H - the +2 pair of gloves "Gohes" (worn) {rC++}
   (You bought it in a shop on level 7 of the Dungeon)

   rC:        It greatly protects you from cold.
Jewellery
 x - a ring of ice
 z - a ring of magical power (left hand)
 A - a ring of positive energy (right hand)
 L - an amulet of reflection (around neck)
 M - a ring of flight
 N - an amulet of faith
Wands
 c - a wand of flame (31)
 O - a wand of iceblast (12)
Scrolls
 e - 7 scrolls of teleportation {unknown}
 h - 4 scrolls of enchant armour {unknown}
 i - a scroll of fog {unknown}
 j - 3 scrolls of vulnerability {unknown}
 l - a scroll of amnesia {unknown}
 p - a scroll of immolation {unknown}
 r - 11 scrolls of identify {unknown}
 s - 2 scrolls of enchant weapon {unknown}
 u - a scroll of acquirement {unknown}
 w - a scroll of fear {unknown}
 B - a scroll of poison {unknown}
 C - a scroll of torment {unknown}
 D - a scroll of blinking {unknown}
 F - a scroll of noise {unknown}
 K - a scroll of brand weapon {unknown}
Potions
 f - 2 potions of invisibility {unknown}
 k - a potion of brilliance {unknown}
 m - 2 potions of lignification {unknown}
 o - a potion of might {unknown}
 q - 2 potions of degeneration {unknown}
 t - 2 potions of curing
 v - a potion of berserk rage {unknown}
 E - a potion of magic {unknown}
 I - a potion of attraction {unknown}
 J - 2 potions of heal wounds {unknown}


   Skills:
 + Level 8.6 Fighting
 + Level 8.7 Long Blades
 + Level 7.4 Armour
 + Level 7.7 Dodging
 * Level 5.4 Invocations


You had 8 spell levels left.
You didn't know any spells.
Your spell library contained the following spells:

 Spells                   Type           Power      Damage    Failure   Level
 Chain Lightning          Conj/Air       0%         N/A       100%        9
 Fire Storm               Conj/Fire      0%         5d1       100%        9
 Shatter                  Erth           0%         3d5*      100%        9


Dungeon Overview and Level Annotations

Branches:
Dungeon (9/15)             Temple (0/1) D:7
   Lair: D:8-11         Orc: D:9-12

Altars:
Dithmenos
Fedhas
Yredelemnul
Zin
The Shining One

Shops:
D:7 [[

Annotations:
D:9 Gastronok


Innate Abilities, Weirdness & Mutations

You have a pair of horns on your head.
You reflexively headbutt those who attack you in melee.


Message History

Gastronok waves his eye-stalks in wide circles.
The air twists around and strikes you!!
You are too injured to fight recklessly!
You slash Gastronok! You headbutt Gastronok.
Gastronok is heavily wounded.
The quokka barely misses you.
You hit Gastronok but do no damage.
Gastronok is heavily wounded.
The quokka bites you but does no damage.
You block Gastronok's attack.
You hit Gastronok but do no damage.
Gastronok is heavily wounded.
The quokka completely misses you.
You hit Gastronok.
Gastronok is heavily wounded.
The quokka barely misses you. You furiously retaliate!
You headbutt the quokka. You completely miss Gastronok.
Gastronok is heavily wounded.
Gastronok bites you! The quokka completely misses you. You furiously retaliate!
You headbutt the quokka!
You kill the quokka!
The quokka's corpse disappears in a puff of smoke!
You slash Gastronok!
Gastronok is severely wounded.
You hit Gastronok.
Gastronok is severely wounded.
Gastronok waves his eye-stalks in wide circles.
The air twists around and strikes you!!
* * * LOW HITPOINT WARNING * * *
You hit Gastronok.
Gastronok is severely wounded.
You feel better.
Gastronok waves his eye-stalks in wide circles.
The air twists around and strikes you!! Zin protects you from harm!
Zin grants you divine stamina.
Okay, then.
Unknown command.
You feel better. Gastronok bites you!!
You die...

##### ..... ...#
#..######.
#######......... .
................ ..
..........#
...#######w..####
.........@........
.......>..........
.......<...........
.......†..#######..
..........# .
..........#
..........#
...........
.......#####


You could see Gastronok.

Vanquished Creatures
  Prince Ribbit (D:6)
  A hornet (D:8)
  Grinder (D:4)
  Menkaure (D:5)
  Edmund (D:5)
  5 water moccasins
  3 ice beasts
  An ogre (D:4)
  A wolf (D:9)
  3 centaurs (D:8)
  A kobold brigand (D:7)
  Blork the orc (D:4)
  3 bullfrogs
  A scorpion (D:4)
  4 wights (D:8)
  An electric eel (D:7)
  2 hounds
  A jelly (D:7)
  3 orc priests
  Crazy Yiuf (D:4)
  2 gnoll boudas
  A sleepcap (D:4)
  4 iguanas
  4 orc wizards
  Robin (D:2)
  12 gnolls
  5 adders
  A shadow imp (D:7)
  3 white imps
  An ufetubus (D:6)
  A dart slug (D:1)
  18 orcs
  12 ball pythons
  4 endoplasms
  4 giant cockroaches
  17 goblins
  5 hobgoblins
  11 kobolds
  4 quokkas
  3 bats
  5 frilled lizards
  5 rats
159 creatures vanquished.

Notes
Turn   | Place    | Note
-------+----------+-------------------------------------------
     0 | D:1      | Anon1729 the Minotaur Monk began the quest for the Orb.
     0 | D:1      | Reached XP level 1. HP: 19/19 MP: 0/0
   159 | D:1      | Reached XP level 2. HP: 27/27 MP: 1/1
   269 | D:1      | Reached skill level 1 in Armour
   583 | D:2      | Found a basalt altar of Yredelemnul.
   590 | D:2      | Reached XP level 3. HP: 33/33 MP: 2/2
   680 | D:2      | Found a faded altar of an unknown god.
   726 | D:2      | Noticed Robin
   740 | D:2      | Killed Robin
   742 | D:2      | Reached XP level 4. HP: 14/40 MP: 3/3
  1553 | D:2      | Prayed at the altar of an unknown god.
  1553 | D:2      | Became a worshipper of Zin the Law-Giver
  1553 | D:2      | Reached * piety under Zin
  1553 | D:2      | Reached ** piety under Zin
  1553 | D:2      | Reached *** piety under Zin
  1822 | D:3      | Reached XP level 5. HP: 14/47 MP: 4/4
  2522 | D:4      | Reached skill level 5 in Long Blades
  2529 | D:3      | HP: 1/47 [iguana (10)]
  2530 | D:3      | Reached skill level 5 in Fighting
  2642 | D:4      | Noticed an ogre
  2646 | D:4      | Killed an ogre
  2647 | D:4      | Reached XP level 6. HP: 35/56 MP: 5/5
  2848 | D:4      | Reached **** piety under Zin
  2862 | D:4      | Reached skill level 5 in Dodging
  2890 | D:4      | Noticed Grinder
  2890 | D:4      | Noticed Blork the orc
  2895 | D:4      | Paralysed by Grinder for 2 turns
  2990 | D:4      | Killed Blork the orc
  3098 | D:4      | Paralysed by Grinder for 3 turns
  3115 | D:4      | Killed Grinder
  3116 | D:4      | Reached XP level 7. HP: 12/63 MP: 6/6
  3390 | D:4      | Found a runed translucent door.
  3391 | D:4      | Noticed Crazy Yiuf
  3398 | D:4      | Killed Crazy Yiuf
  3495 | D:5      | Entered Level 5 of the Dungeon
  3542 | D:5      | Noticed Menkaure
  3698 | D:5      | Killed Menkaure
  3699 | D:5      | Reached skill level 5 in Armour
  3848 | D:5      | Noticed Edmund
  3863 | D:5      | Killed Edmund
  4060 | D:5      | Reached XP level 8. HP: 71/71 MP: 7/7
  4823 | D:6      | Reached skill level 1 in Invocations
  5373 | D:7      | Noticed Prince Ribbit
  5398 | D:6      | HP: 3/73 [Prince Ribbit (8)]
  5407 | D:6      | Killed Prince Ribbit
  5408 | D:6      | Reached XP level 9. HP: 9/80 MP: 10/10
  5841 | D:7      | Found a staircase to the Ecumenical Temple.
  5844 | D:7      | Identified the +1 ring mail of Vehumet's Hatred {rC+ Int+5}
  5996 | D:7      | Reached ***** piety under Zin
  6391 | D:7      | Noticed an animated gold dragon scales
  6415 | D:7      | Found Tehioces's Armour Emporium.
  6416 | D:7      | Noticed an animated gold dragon scales
  6433 | D:7      | Found Qiudaf's Antique Armour Emporium.
  6443 | D:7      | Bought a pair of masterwork gloves for 266 gold pieces
  6443 | D:7      | Identified the +2 pair of gloves "Gohes" {rC++} (You bought
                  | it in a shop on level 7 of the Dungeon)
  6899 | D:7      | Found a glowing golden altar of the Shining One.
  6899 | D:7      | Found a shadowy altar of Dithmenos.
  6900 | D:7      | Found a blossoming altar of Fedhas.
  7510 | D:8      | Reached skill level 5 in Invocations
  8256 | D:9      | Noticed Gastronok
  8573 | D:9      | HP: 4/82 [Gastronok/the air (24)]
  8575 | D:9      | Zin protects you from harm!
  8577 | D:9      | Slain by Gastronok

Illustrated notes

Levels and vault maps discovered:
D:1:      ebering_trefoil_3fold, layout_basic, minmay_lizard_pond
D:2:      layout_basic, basic_altar, nicolae_ecumenical_snake_handling,
          uniq_robin
D:3:      layout_loops_ring, portal_sewer_entry_e, wad_floor_pattern_untrapped
D:4:      layout_rooms, uniq_blork_the_orc, uniq_crazy_yiuf_cottage,
          uniq_grinder
D:5:      layout_cave_pools, uniq_menkaure, uniq_edmund
D:6:      layout_basic
D:7:      layout_cave_pods, gammafunk_temple_overflow_claw,
          minmay_temple_entry_waves, serial_shops, shop,
          nicolae_shop_mannequins, serial_bayou_lagoon_a, uniq_prince_ribbit1
D:8:      layout_loops_corners
D:9:      layout_long_grid, lemuel_round_altar, uniq_grum, uniq_erica,
          uniq_gastronok, uniq_maggie

Skill      XL: |  1  2  3  4  5  6  7  8  9 |
---------------+----------------------------+-----
Armour         | 1 2 3 4 5 6 7 |  7.4
Long Blades    | 4 5 6 7 8 |  8.7
Fighting       | 4 5 6 7 8 |  8.6
Dodging        | 4 5 6 7 |  7.7
Invocations    | 3 5 |  5.4

Action                     |  1- 3 |  4- 6 |  7- 9 || total
---------------------------+-------+-------+-------++-------
  Melee: Falchion          |    57 |   129 |   299 ||   485
         Headbutt          |    14 |    29 |    89 ||   132
 Invoke: Recite            |       |       |     1 ||     1
         Vitalisation      |       |       |     1 ||     1
  Evoke: Wand              |       |     1 |     7 ||     8
    Use: Potion            |       |     1 |     4 ||     5
 Armour: Robe              |    24 |    53 |    98 ||   175
  Dodge: Dodged            |    49 |   102 |   277 ||   428
  Block: Orb               |       |       |    19 ||    19
         Reflection        |       |       |     1 ||     1

Table legend: (Time is in decaauts)
 A = Elapsed time spent in this place.
 B = Non-inter-level travel time spent in this place.
 C = Inter-level travel time spent in this place.
 D = Time resting spent in this place.
 E = Time spent auto-exploring this place.
 F = Levels seen in this place.
 G = Mean time per level.
                   A        B        C        D        E       F      G
               +--------+--------+--------+--------+--------+-----+--------+
         Total |   8586 |   8231 |    355 |   1124 |   5992 |   9 |  954.0 |
       Dungeon |   8586 |   8231 |    355 |   1124 |   5992 |   9 |  954.0 |
               +--------+--------+--------+--------+--------+-----+--------+

Top non-repeatable levels by time:
     D:8: 1479 daAuts
     D:7: 1347 daAuts
     D:6: 1305 daAuts
     D:3: 1206 daAuts
     D:2: 1001 daAuts
     D:4: 865 daAuts
     D:5: 756 daAuts
     D:1: 579 daAuts
     D:9: 44 daAuts
